MWL
WAUSAU TIMBERS @ APPLETON FOXES
06/18/1982
 
TOP OF THE 1ST
Wausau Timbers batting - Pitching for Appleton Foxes : RHP Mike Trujillo
Pitching: RHP Mike Trujillo
Batting: SHB Herman Lewis 0-0: Ground out 5-3 (Groundball, 56S, EV 77.5 MPH)
Batting: LHB Rodney Nealeigh 0-0: Ball
1-0: Called Strike
1-1: Ball
2-1: Ground out 5-3 (Groundball, 5S, EV 70.6 MPH)
Batting: RHB Rich Renteria 0-0: Foul Ball, location: 2F
0-1: Ball
1-1: Ground out 4-3 (Groundball, 4, EV 86.9 MPH)
Top of the 1st over - 0 runs, 0 hits, 0 errors, 0 left on base; Wausau 0 - Appleton 0
BOTTOM OF THE 1ST
Appleton Foxes batting - Pitching for Wausau Timbers : RHP Doug Cook
Pitching: RHP Doug Cook
Batting: LHB Mike Woodard 0-0: Ball
1-0: SINGLE (Groundball, 6MS, EV 68.1 MPH) (infield hit)
Batting: SHB Matt Gallegos 0-0: Foul Ball, location: 2F
0-1: Called Strike
Mike Woodard steals 2nd base
0-2: SINGLE (Groundball, 4D, EV 99.4 MPH)
Mike Woodard to third
Runner from 3rd tries for Home, SAFE, throw by CF to home
Batting: RHB Randy Asadoor 0-0: Called Strike
Matt Gallegos is caught stealing 2nd base 2-4
0-1: Ball
1-1: Ball
2-1: Swinging Strike
2-2: Strikes out swinging
Batting: RHB George Hinshaw 0-0: Called Strike
0-1: Swinging Strike
0-2: Ball
1-2: Fly out, F8 (Flyball, 78D, EV 101.3 MPH)
Bottom of the 1st over - 1 run, 2 hits, 0 errors, 0 left on base; Wausau 0 - Appleton 1
TOP OF THE 2ND
Wausau Timbers batting - Pitching for Appleton Foxes : RHP Mike Trujillo
Batting: SHB James Flores 0-0: Swinging Strike
0-1: Called Strike
0-2: Ball
1-2: Strikes out swinging
Batting: LHB Ricky Seilheimer 0-0: Ball
1-0: Fly out, F7 (Flyball, 7, EV 97.5 MPH)
Batting: LHB Jerry Morton 0-0: Swinging Strike
0-1: Called Strike
0-2: Ball
1-2: Strikes out swinging, 2-3 out at first.
Top of the 2nd over - 0 runs, 0 hits, 0 errors, 0 left on base; Wausau 0 - Appleton 1
BOTTOM OF THE 2ND
Appleton Foxes batting - Pitching for Wausau Timbers : RHP Doug Cook
Batting: RHB Victor Mata 0-0: Fly out, F8 (Flyball, 8RD, EV 105.0 MPH)
Batting: LHB John Csefalvay 0-0: Ball
1-0: SINGLE (Flyball, 8RS, EV 92.5 MPH)
Batting: RHB Howard Lopes 0-0: Ball
1-0: Ball
2-0: Called Strike
2-1: Swinging Strike
2-2: Foul Ball, location: 2F
2-2: Ball
3-2: Strikes out swinging
Batting: RHB Mike Nipper 0-0: Ball
1-0: Called Strike
1-1: Foul Ball, location: 2F
1-2: Strikes out looking
Bottom of the 2nd over - 0 runs, 1 hit, 0 errors, 1 left on base; Wausau 0 - Appleton 1
TOP OF THE 3RD
Wausau Timbers batting - Pitching for Appleton Foxes : RHP Mike Trujillo
Batting: RHB Bruce Chaney 0-0: Ball
1-0: Ball
2-0: Ball
3-0: Called Strike
3-1: Base on Balls
Batting: RHB Jeffrey Young 0-0: Ball
1-0: Ball
Wild Pitch!
Bruce Chaney to second
2-0: Called Strike
2-1: Foul Ball, location: 2F
2-2: Ground out 6-3 (Groundball, 6, EV 77.5 MPH)
Bruce Chaney to third
Batting: RHB John Pignotti 0-0: Ground out 6-3 (Groundball, 6, EV 90.6 MPH)
Bruce Chaney scores
Batting: SHB Herman Lewis 0-0: Ball
1-0: Foul Ball, location: 2F
1-1: Swinging Strike
1-2: Ground out 5-3 (Groundball, 56, EV 101.3 MPH)
Top of the 3rd over - 1 run, 0 hits, 0 errors, 0 left on base; Wausau 1 - Appleton 1
BOTTOM OF THE 3RD
Appleton Foxes batting - Pitching for Wausau Timbers : RHP Doug Cook
Batting: RHB Philip Sutton 0-0: Fly out, F9 (Flyball, 9LM, EV 93.8 MPH)
Batting: LHB Mike Woodard 0-0: SINGLE (Line Drive, 3D, EV 96.3 MPH)
Batting: SHB Matt Gallegos 0-0: Ball
1-0: Foul Ball, location: 2F
1-1: Fielders Choice at 2nd, 6-4 (Groundball, 6, EV 82.5 MPH)
Batting: RHB Randy Asadoor 0-0: Ball
1-0: Ball
2-0: Ball
3-0: Base on Balls
Matt Gallegos to second
Batting: RHB George Hinshaw 0-0: Ball
1-0: Ground out 2-3 (Groundball, 2L, EV 71.9 MPH)
Bottom of the 3rd over - 0 runs, 1 hit, 0 errors, 2 left on base; Wausau 1 - Appleton 1
TOP OF THE 4TH
Wausau Timbers batting - Pitching for Appleton Foxes : RHP Mike Trujillo
Batting: LHB Rodney Nealeigh 0-0: Foul Ball, location: 2F
0-1: Called Strike
0-2: Strikes out swinging
Batting: RHB Rich Renteria 0-0: Ball
1-0: Ground out 4-3 (Groundball, 4S, EV 65.0 MPH)
Batting: SHB James Flores 0-0: Swinging Strike
0-1: Ball
1-1: Called Strike
1-2: Foul Ball, location: 2F
1-2: Strikes out looking
Top of the 4th over - 0 runs, 0 hits, 0 errors, 0 left on base; Wausau 1 - Appleton 1
BOTTOM OF THE 4TH
Appleton Foxes batting - Pitching for Wausau Timbers : RHP Doug Cook
Batting: RHB Victor Mata 0-0: Ground out 4-3 (Groundball, 4, EV 105.6 MPH)
Batting: LHB John Csefalvay 0-0: Ground out 6-3 (Groundball, 6, EV 103.1 MPH)
Batting: RHB Howard Lopes 0-0: Ball
1-0: Swinging Strike
1-1: Fly out, F4 (Popup, 4M, EV 65.6 MPH)
Bottom of the 4th over - 0 runs, 0 hits, 0 errors, 0 left on base; Wausau 1 - Appleton 1
TOP OF THE 5TH
Wausau Timbers batting - Pitching for Appleton Foxes : RHP Mike Trujillo
Batting: LHB Ricky Seilheimer 0-0: Ball
1-0: Ball
2-0: Called Strike
2-1: Ball
3-1: Ground out 4-3 (Groundball, 4, EV 101.9 MPH)
Batting: LHB Jerry Morton 0-0: Ball
1-0: Foul Ball, location: 2F
1-1: Ball
2-1: Foul Ball, location: 2F
2-2: Ball
3-2: Foul Ball, location: 2F
3-2: Base on Balls
Batting: RHB Bruce Chaney 0-0: Swinging Strike
0-1: Ball
1-1: Ball
2-1: Ball
3-1: Called Strike
3-2: Strikes out swinging
Batting: RHB Jeffrey Young 0-0: Ball
1-0: Ball
2-0: Ball
3-0: Called Strike
3-1: Foul Ball, location: 2F
3-2: Strikes out swinging
Top of the 5th over - 0 runs, 0 hits, 0 errors, 1 left on base; Wausau 1 - Appleton 1
BOTTOM OF THE 5TH
Appleton Foxes batting - Pitching for Wausau Timbers : RHP Doug Cook
Batting: RHB Mike Nipper 0-0: Foul Ball, location: 2F
0-1: Ball
1-1: Fly out, F8 (Flyball, 8LXD, EV 103.1 MPH)
Batting: RHB Philip Sutton 0-0: Ball
1-0: Called Strike
1-1: Ground out 1-3 (Groundball, 15S, EV 66.9 MPH)
Batting: LHB Mike Woodard 0-0: Ball
1-0: Ball
2-0: Ball
3-0: Base on Balls
Batting: SHB Matt Gallegos 0-0: Ball
1-0: Called Strike
1-1: Ball
2-1: Foul Ball, location: 2F
2-2: SINGLE (Line Drive, 9LS, EV 105.0 MPH)
Mike Woodard to second
Runner from 2nd tries for 3rd, SAFE, throw by RF made to third
Batting: RHB Randy Asadoor 0-0: Ball
1-0: Foul Ball, location: 2F
1-1: Ball
2-1: Fly out, F7 (Flyball, 7, EV 88.1 MPH)
Bottom of the 5th over - 0 runs, 1 hit, 0 errors, 2 left on base; Wausau 1 - Appleton 1
TOP OF THE 6TH
Wausau Timbers batting - Pitching for Appleton Foxes : RHP Mike Trujillo
Batting: RHB John Pignotti 0-0: Fly out, F8 (Flyball, 78S, EV 93.1 MPH)
Batting: SHB Herman Lewis 0-0: Called Strike
0-1: Ball
1-1: Ball
2-1: Called Strike
2-2: Ball
3-2: Fly out, F9 (Flyball, 89D, EV 85.6 MPH)
Batting: LHB Rodney Nealeigh 0-0: Fly out, F3 (Popup, 3S, EV 72.5 MPH)
Top of the 6th over - 0 runs, 0 hits, 0 errors, 0 left on base; Wausau 1 - Appleton 1
BOTTOM OF THE 6TH
Appleton Foxes batting - Pitching for Wausau Timbers : RHP Doug Cook
Batting: RHB George Hinshaw 0-0: Ball
1-0: Swinging Strike
1-1: Called Strike
1-2: Fly out, F9 (Flyball, 9, EV 90.6 MPH)
Batting: RHB Victor Mata 0-0: Called Strike
0-1: Foul Ball, location: 2F
0-2: Strikes out swinging
Batting: LHB John Csefalvay 0-0: Swinging Strike
0-1: SINGLE (Groundball, 4MS, EV 70.0 MPH) (infield hit)
Batting: RHB Howard Lopes 0-0: Ball
John Csefalvay steals 2nd base
1-0: Swinging Strike
1-1: Foul Ball, location: 2F
1-2: Ball
2-2: Strikes out swinging
Bottom of the 6th over - 0 runs, 1 hit, 0 errors, 1 left on base; Wausau 1 - Appleton 1
TOP OF THE 7TH
Wausau Timbers batting - Pitching for Appleton Foxes : RHP Mike Trujillo
Batting: RHB Rich Renteria 0-0: Called Strike
0-1: Ball
1-1: SINGLE (Groundball, 6MD, EV 105.6 MPH)
Batting: SHB James Flores 0-0: Ball
Wild Pitch!
Rich Renteria to second
1-0: Called Strike
1-1: Swinging Strike
1-2: Strikes out swinging
Batting: LHB Ricky Seilheimer 0-0: Called Strike
0-1: Swinging Strike
0-2: Strikes out swinging
Batting: LHB Jerry Morton 0-0: Called Strike
0-1: Fly out, F9 (Flyball, 9, EV 82.5 MPH)
Top of the 7th over - 0 runs, 1 hit, 0 errors, 1 left on base; Wausau 1 - Appleton 1
BOTTOM OF THE 7TH
Appleton Foxes batting - Pitching for Wausau Timbers : RHP Doug Cook
Batting: RHB Mike Nipper 0-0: Called Strike
0-1: Foul Ball, location: 2F
0-2: Ball
1-2: Ball
2-2: Strikes out looking
Batting: RHB Philip Sutton 0-0: Ball
1-0: Fly out, F9 (Flyball, 9LM, EV 90.0 MPH)
Batting: LHB Mike Woodard 0-0: Called Strike
0-1: Ball
1-1: Fly out, F7 (Line Drive, 7, EV 102.5 MPH)
Bottom of the 7th over - 0 runs, 0 hits, 0 errors, 0 left on base; Wausau 1 - Appleton 1
TOP OF THE 8TH
Wausau Timbers batting - Pitching for Appleton Foxes : RHP Mike Trujillo
Batting: RHB Bruce Chaney 0-0: Swinging Strike
0-1: Ball
1-1: Swinging Strike
1-2: Foul Ball, location: 2F
1-2: Strikes out swinging
Batting: RHB Jeffrey Young 0-0: SINGLE (Groundball, P, EV 77.5 MPH) (infield hit)
Batting: RHB John Pignotti 0-0: Foul Ball, location: 2F
0-1: Swinging Strike
0-2: Ball
1-2: Grounds into double play, 6-4-3 (Groundball, 6, EV 83.8 MPH)
Top of the 8th over - 0 runs, 1 hit, 0 errors, 0 left on base; Wausau 1 - Appleton 1
BOTTOM OF THE 8TH
Appleton Foxes batting - Pitching for Wausau Timbers : RHP Doug Cook
Batting: SHB Matt Gallegos 0-0: Ball
1-0: Called Strike
1-1: Ball
2-1: Ball
3-1: Called Strike
3-2: Base on Balls
Batting: RHB Randy Asadoor 0-0: Ball
1-0: Ball
2-0: Called Strike
2-1: Grounds into double play, 5-4-3 (Groundball, 5L, EV 76.9 MPH)
Batting: RHB George Hinshaw 0-0: Called Strike
0-1: Foul Ball, location: 2F
0-2: Ball
1-2: Fly out, F9 (Line Drive, 9, EV 95.0 MPH)
Bottom of the 8th over - 0 runs, 0 hits, 0 errors, 0 left on base; Wausau 1 - Appleton 1
TOP OF THE 9TH
Wausau Timbers batting - Pitching for Appleton Foxes : RHP Mike Trujillo
Pitching: RHP Jaime Cocanower
Batting: SHB Herman Lewis 0-0: Ground out 4-3 (Groundball, 4, EV 92.5 MPH)
Batting: LHB Rodney Nealeigh 0-0: Ground out 6-3 (Groundball, 6, EV 104.4 MPH)
Batting: RHB Rich Renteria 0-0: Called Strike
0-1: Fly out, F8 (Flyball, 8LXD, EV 94.4 MPH)
Top of the 9th over - 0 runs, 0 hits, 0 errors, 0 left on base; Wausau 1 - Appleton 1
BOTTOM OF THE 9TH
Appleton Foxes batting - Pitching for Wausau Timbers : RHP Doug Cook
Pitching: RHP Rafael Ramirez
Batting: RHB Victor Mata 0-0: Called Strike
0-1: Ball
1-1: Foul Ball, location: 2F
1-2: DOUBLE (Line Drive, 78XD, EV 101.9 MPH)
Batting: LHB John Csefalvay 0-0: Intentional Walk
Batting: RHB Howard Lopes 0-0: Ball
1-0: Fly out, F3 (Popup, 3DF, EV 51.3 MPH)
Pinch Hitting: RHB Robert Gilles 0-0: Grounds into double play, 6-4-3 (Groundball, 6, EV 86.3 MPH)
Bottom of the 9th over - 0 runs, 1 hit, 0 errors, 1 left on base; Wausau 1 - Appleton 1
TOP OF THE 10TH
Wausau Timbers batting - Pitching for Appleton Foxes : RHP Jaime Cocanower
Now at C: Robert Gilles
Batting: SHB James Flores 0-0: Foul Ball, location: 2F
0-1: Foul Ball, location: 2F
0-2: Fly out, F8 (Flyball, 8LD, EV 96.3 MPH)
Batting: LHB Ricky Seilheimer 0-0: Called Strike
0-1: Ball
1-1: Foul Ball, location: 2F
1-2: Ball
2-2: Foul Ball, location: 2F
2-2: Foul Ball, location: 2F
2-2: Ball
3-2: Base on Balls
Batting: LHB Jerry Morton 0-0: Foul Ball, location: 2F
0-1: Ball
Ricky Seilheimer steals 2nd base (no throw)
1-1: Intentional Walk
Batting: RHB Bruce Chaney 0-0: Called Strike
0-1: Ball
1-1: Ball
2-1: SINGLE (Groundball, 5S, EV 74.4 MPH) (infield hit)
Ricky Seilheimer to third
Jerry Morton to second
Batting: RHB Jeffrey Young 0-0: Called Strike
0-1: Foul Ball, location: 2F
0-2: Strikes out swinging
Batting: RHB John Pignotti 0-0: Called Strike
0-1: Foul Ball, location: 2F
0-2: Ball
1-2: Strikes out swinging
Top of the 10th over - 0 runs, 1 hit, 0 errors, 3 left on base; Wausau 1 - Appleton 1
BOTTOM OF THE 10TH
Appleton Foxes batting - Pitching for Wausau Timbers : RHP Rafael Ramirez
Batting: RHB Philip Sutton 0-0: Ball
1-0: Ground out U3 (Groundball, 34, EV 86.9 MPH)
Batting: LHB Mike Woodard 0-0: Ball
1-0: Foul Ball, location: 2F
1-1: Foul Ball, location: 2F
1-2: Ball
2-2: Foul Ball, location: 2F
2-2: Fly out, F8 (Flyball, 89D, EV 94.4 MPH)
Batting: SHB Matt Gallegos 0-0: Called Strike
0-1: Called Strike
0-2: Foul Ball, location: 2F
0-2: Foul Ball, location: 2F
0-2: Strikes out swinging
Bottom of the 10th over - 0 runs, 0 hits, 0 errors, 0 left on base; Wausau 1 - Appleton 1
TOP OF THE 11TH
Wausau Timbers batting - Pitching for Appleton Foxes : RHP Jaime Cocanower
Batting: SHB Herman Lewis 0-0: Ground out 5-3 (Groundball, 5, EV 82.5 MPH)
Batting: LHB Rodney Nealeigh 0-0: Foul Ball, location: 2F
0-1: Ball
1-1: Ball
2-1: Ball
3-1: Ground out U3 (Groundball, 3, EV 81.9 MPH)
Batting: RHB Rich Renteria 0-0: Ball
1-0: Called Strike
1-1: Called Strike
1-2: Fly out, F9 (Flyball, 9LM, EV 89.4 MPH)
Top of the 11th over - 0 runs, 0 hits, 0 errors, 0 left on base; Wausau 1 - Appleton 1
BOTTOM OF THE 11TH
Appleton Foxes batting - Pitching for Wausau Timbers : RHP Rafael Ramirez
Batting: RHB Randy Asadoor 0-0: Ball
1-0: SOLO HOME RUN (Flyball, 7LD, EV 100.6 MPH), Distance : 345 ft
Bottom of the 11th over - 1 run, 1 hit, 0 errors, 0 left on base; Wausau 1 - Appleton 2
Friday, August 7th, 2020 - OOTP Baseball 21.5 Build 76